 Dungeon Crawl Stone Soup version 0.26-a0-84-g8c18429211 (webtiles) character file.

Game seed: 1228557279839032278

25 Gargoyl the Skirmisher (level 2, 26/26 HPs)
             Began as a Centaur Abyssal Knight on June 17, 2020.
             Was a Follower of Lugonu.
             Quit the game on level 1 of the Dungeon.
             The game lasted 00:01:39 (1542 turns).

Gargoyl the Skirmisher (Centaur Abyssal Knight)     Turns: 1542, Time: 00:01:40

Health: 26/26      AC:  7    Str: 12    XL:     2   Next: 82%
Magic:  3/3        EV:  3    Int: 11    God:    Lugonu [*.....]
Gold:   96         SH:  0    Dex:  6    Spells: 1/1 levels left

rFire    . . .     SeeInvis .   b - +2 short sword (elec)
rCold    . . .     Gourm    .   (no shield)
rNeg     . . .     Faith    .   h - +0 chain mail
rPois    .         Spirit   .   (no helmet)
rElec    .         Reflect  .   (no cloak)
rCorr    .         Harm     .   (no gloves)
MR       .....                  (no barding)
Stlth    ..........             (no amulet)
HPRegen  0.08/turn              (no ring)
MPRegen  0.08/turn              (no ring)

@: very quick
A: large, hooves 3, clumsy 1, deformed body, speed 2, tough skin 3, weak 1,
evolution 1
a: Depart the Abyss, Renounce Religion


You were on level 1 of the Dungeon.
You worshipped Lugonu.
Lugonu was aware of your devotion.
You were not hungry.

You visited 1 branch of the dungeon, and saw 1 of its levels.
You visited the Abyss 1 time.

You collected 96 gold pieces.

Inventory:

Hand Weapons
 a - a +1 hand axe
 b - a +2 short sword of electrocution (weapon)
Armour
 h - a +0 chain mail (worn)
Scrolls
 e - 4 scrolls of remove curse {unknown}
 g - 2 scrolls of identify {unknown}
Potions
 f - 2 potions of heal wounds {unknown}
Comestibles
 c - 2 rations


   Skills:
 + Level 3.3 Fighting
 + Level 2.0 Axes
 * Level 1.7 Armour
 * Level 0.9 Dodging
 * Level 2.2 Invocations


You had one spell level left.
You didn't know any spells.
Your spell library was empty.

Dungeon Overview and Level Annotations

Branches:
Dungeon (1/15)

Altars:


Innate Abilities, Weirdness & Mutations

You have hooves in place of feet.
Armour fits poorly on your strangely shaped body.
You cover ground very quickly.
You have extremely tough skin. (AC +3)
You are clumsy. (Dex -2)
You are weak. (Str -2)
You evolve.


Message History

You now have 81 gold pieces (gained 10).
You now have 96 gold pieces (gained 15).
Found a stone staircase leading down.
There is a stone staircase leading down here.
There is an open door here.
There is an open door here.
Eating a chunk of flesh.
You eat the chunk of flesh.
This raw flesh tastes terrible.
You open the door.
There is an open door here.
There is an open door here.
You see here a spear.
There is an open door here.
There is a stone staircase leading down here.
There is a shaft here.
You see here a naga barding.
You feel a genetic drift.
Your thinking seems confused.
Done exploring.
Are you sure you want to abandon this character and quit the game? (Confirm with "yes".)

...##).##.#
##..##..#.#
#......#.#
#.##..##.#
##..####..########
###...(..........#
.##.#.#...#.#.##.#
..#.(.#...#.#.##.#
...##.#.......##@#
...+..[..........#
...##.#...##..####
..###.......>.#
.## ########.## ##
#...# # #.### #.#
#.#


There were no monsters in sight!

Vanquished Creatures
  4 bats (D:1)
  A giant cockroach (D:1)
  A goblin (D:1)
  2 hobgoblins (D:1)
  5 jackals (D:1)
  4 frilled lizards (D:1)
  3 kobolds (D:1)
  4 rats (D:1)
24 creatures vanquished.

Vanquished Creatures (others)
  4 tentacles (Abyss:2)
4 creatures vanquished.

Grand Total: 28 creatures vanquished

Notes
Turn   | Place    | Note
-------+----------+-------------------------------------------
     0 | Abyss:1  | Gargoyl the Centaur Abyssal Knight began the quest for the
                  | Orb.
     0 | Abyss:1  | Reached XP level 1. HP: 19/19 MP: 2/2
    67 | Abyss:2  | Found a corrupted altar of Lugonu.
    94 | Abyss:2  | Noticed a kraken
   118 | Abyss:2  | Found a corrupted altar of Lugonu.
   160 | Abyss:2  | Gained mutation: You are clumsy. (Dex -2) [potion of
                  | mutation]
   160 | Abyss:2  | Gained mutation: You are weak. (Str -2) [potion of
                  | mutation]
   160 | Abyss:2  | Gained mutation: You evolve. [potion of mutation]
   160 | Abyss:2  | Gained mutation: You possess an exceptional clarity of
                  | mind. [potion of mutation]
   173 | Abyss:2  | Noticed a chaos spawn
   174 | Abyss:2  | Noticed a wretched star
   175 | D:1      | Escaped the Abyss
   252 | D:1      | Reached * piety under Lugonu
   605 | D:1      | Reached XP level 2. HP: 26/26 MP: 3/3
  1528 | D:1      | Lost mutation: You possess an exceptional clarity of mind.
                  | [evolution]
  1542 | D:1      | Quit the game

Illustrated notes

Levels and vault maps discovered:
D:1:      scummos_arrival_star, layout_loops_corners, minmay_close_crescents

Skill      XL: |  1  2 |
---------------+-------+-----
Axes           | 2 |  2.0
Fighting       | |  3.3
Armour         | |  1.7
Dodging        | |  0.9
Invocations    | |  2.2

Action                   || total
-------------------------++-------
Melee: Hand axe          ||    53
       Kick              ||     6
Invok: Depart the Abyss  ||     1
  Use: Potion            ||     2
  Eat: Chunk             ||     1
Armor: Leather armour    ||    22
       Chain mail        ||    19
Dodge: Dodged            ||    23

Table legend:
 A = Non-vault XP
 B = Vault XP
 C = Vault XP percentage of total XP
 D = Non-vault monster count
 E = Vault monster count
 F = Vault count percentage of total count
                 A         B        C        D         E       F
            +---------+---------+-------+---------+---------+-------
      Total |      31 |       5 |  13.9 |      21 |       3 |  12.5
            +---------+---------+-------+---------+---------+-------
        D:1 |      31 |       5 |  13.9 |      21 |       3 |  12.5
            +---------+---------+-------+---------+---------+-------
